Wolfpack vs Admirals
Created - March 1, 2023 at 19:07
Goals
|
| Wolfpack |
2 |
1 |
2 |
5 |
| Admirals |
1 |
1 |
1 |
3 |
|
Shots
|
| Wolfpack |
10 |
15 |
10 |
35 |
| Admirals |
8 |
17 |
7 |
32 |
|
1st period
1. Wolfpack , Samuel Blais 30 (Casey Mittelstadt 27) at 5:10
2. Admirals , Markus Granlund 22 (Anton Gustafsson 29, Mark McNeill 16) at 8:56 (PP)
3. Wolfpack , Vince Dunn 1 (Seth Griffith 36, David Pope 42) at 9:10
Penalties :
David Pope (Har) for Goalie Interference (Minor) at 1:58, Nolan Patrick (Har) for Roughing (Minor) at 7:14
2nd period
4. Wolfpack , Connor Chatam 17 (Nolan Patrick 12, Samuel Blais 22) at 2:14
5. Admirals , Anton Gustafsson 18 (Mark McNeill 17) at 2:52
Penalties :
Olli Juolevi (Mil) for Hooking (Minor) at 8:44, Steven Santini (Har) for Hooking (Minor) at 18:08
3rd period
6. Wolfpack , Casey Mittelstadt 12 (Samuel Blais 23, Ryan Culkin 8) at 1:16 (PP)
7. Admirals , Lucas Wallmark 7 (Hunter Shinkaruk 14, T.J Brodie 20) at 10:06 (PP)
8. Wolfpack , Seth Griffith 33 (David Pope 43, Derrick Pouliot 19) at 19:42 (Empty Net)
Penalties :
Kristian Vesalainen (Mil) for Slashing (Minor) at 1:01, Mikhail Sergachev (Har) for Tripping (Minor) at 9:29, Ryan Culkin (Har) for Interference (Minor) at 15:34
Goalie Stats
Ivan Fedotov (Har), 29 saves from 32 shots - (0.906), W, 18-8-8, 60:00 minutes
Tristan Jarry (Mil), 30 saves from 34 shots - (0.882), L, 16-17-1, 59:16 minutes
Players Stats for Wolfpack
Player Name G A P +/- PIM S H SB GA TA FO MP PP MP PK MP
------------------------------------------------------------------------------------
Alex Barre-Boulet 0 0 0 0 0 0 0 0 0 1 0/3 8:15 0:00 0:00
Alexander Barabanov 0 0 0 0 0 3 1 0 0 0 0/1 10:12 0:00 1:40
Casey Mittelstadt 1 1 2 0 0 2 2 2 0 0 5/12 18:15 1:08 2:25
Colton White 0 0 0 0 0 1 1 0 0 1 0/0 16:43 0:00 5:32
Connor Chatam 1 0 1 2 0 4 0 1 0 0 0/0 9:15 0:00 0:00
David Pope 0 2 2 2 2 5 2 0 0 0 0/0 22:50 1:06 3:47
Derrick Pouliot 0 1 1 1 0 0 0 0 0 1 0/0 20:04 0:51 2:45
Dryden Hunt 0 0 0 1 0 0 0 1 0 0 0/0 9:44 0:00 1:13
Linus Sandin 0 0 0 0 0 0 0 0 0 0 0/0 8:15 0:00 0:00
Mikhail Sergachev 0 0 0 2 2 4 1 1 0 1 0/0 25:29 1:23 2:00
Nolan Patrick 0 1 1 1 2 1 1 1 0 0 1/2 9:10 0:11 0:32
Owen Tippet 0 0 0 0 0 0 0 0 0 0 1/1 15:48 1:08 0:00
Ryan Culkin 0 1 1 0 2 1 1 0 0 0 0/0 14:18 0:51 1:53
Samuel Blais 1 2 3 0 0 1 2 0 0 0 0/1 18:15 1:08 2:25
Sebastian Collberg 0 0 0 1 0 4 1 0 3 3 0/2 17:49 1:06 0:00
Seth Griffith 1 1 2 2 0 3 1 0 2 0 24/46 23:19 0:55 4:30
Steven Santini 0 0 0 1 2 0 1 1 0 0 0/0 20:35 0:00 4:13
Vince Dunn 1 0 1 2 0 6 1 1 1 1 0/0 23:23 1:23 0:09
Players Stats for Admirals
Player Name G A P +/- PIM S H SB GA TA FO MP PP MP PK MP
------------------------------------------------------------------------------------
Andreas Englund 0 0 0 -1 0 1 0 3 0 0 0/0 24:44 4:59 1:17
Anton Gustafsson 1 1 2 -1 0 2 1 0 1 0 18/37 23:09 4:30 1:13
Brett Connolly 0 0 0 -1 0 2 1 0 0 0 0/1 10:53 0:00 0:00
Carl Dahlstrom 0 0 0 1 0 0 0 1 0 0 0/0 20:10 3:17 0:57
Freddie Hamilton 0 0 0 -1 0 1 1 0 1 0 3/4 11:07 0:00 0:21
Hunter Shinkaruk 0 1 1 0 0 2 4 0 0 1 0/0 17:33 3:46 0:21
Ian Mitchell 0 0 0 -1 0 0 0 0 0 0 0/0 2:43 0:00 0:00
Joel Armia 0 0 0 0 0 3 3 1 2 2 0/1 17:34 3:46 0:37
Josh Norris 0 0 0 -1 0 1 0 0 0 0 0/2 8:11 0:00 0:09
Kristian Vesalainen 0 0 0 -1 2 0 1 0 0 0 1/1 7:54 0:00 0:00
Lucas Wallmark 1 0 1 0 0 4 1 1 0 1 8/13 16:57 3:46 0:00
Mark McNeill 0 2 2 -1 0 5 1 0 1 0 4/4 22:33 4:30 0:37
Markus Granlund 1 0 1 -1 0 3 1 0 1 1 3/5 23:57 4:30 1:10
Nolan Vesey 0 0 0 -1 0 2 0 0 0 0 0/0 9:23 0:00 0:00
Olli Juolevi 0 0 0 -2 2 0 0 0 0 0 0/0 12:27 0:00 0:00
Reilly Walsh 0 0 0 -2 0 0 1 0 1 0 0/0 12:23 0:00 0:00
Riley Barber 0 0 0 -1 0 1 2 0 0 0 0/0 8:29 0:00 0:00
T.J Brodie 0 1 1 -2 0 5 1 1 1 1 0/0 27:27 4:59 1:17
Travis Dermott 0 0 0 1 0 0 1 0 0 0 0/0 20:10 3:17 0:57
3 Stars
1 - Samuel Blais (Har)
2 - Seth Griffith (Har)
3 - Casey Mittelstadt (Har)
Power Play
Wolfpack - 1 on 2 Attempt(s) - 50.00%
Admirals - 2 on 5 Attempt(s) - 40.00%
Penalty Kill
Wolfpack - 3 on 5 Attempt(s) - 60.00%
- Score 0 goal in Penalty Kill
Admirals - 1 on 2 Attempt(s) - 50.00%
- Score 0 goal in Penalty Kill
Team Stat
Wolfpack - Hits : 15 - Faceoff Wins : 31 - Blocked Shots : 8 - Penalty Minutes : 10
Admirals - Hits : 19 - Faceoff Wins : 37 - Blocked Shots : 7 - Penalty Minutes : 4
Official
Referees : Michael Markovic and Jacob Brenk
Linesman : Andrew Smith and Steve Barton
Game Notes
Seth Griffith has scored in a empty net!
Finance
Level 1 -- Attendance: 1965 (98.25%) -- Ticket Income $68,775
Level 2 -- Attendance: 919 (91.90%) -- Ticket Income $13,785
Total Attendance: 2884 (96.13%)
Total Ticket Income: $82,560
Other Income: $4,128
Total Income: $86,688
Wolfpack
5 vs 5 Forward
Center Left Wing Right Wing Time % Phy DF OF
1 Seth Griffith David Pope Sebastian Collberg 40 1 2 2
2 Casey Mittelstadt Samuel Blais Owen Tippet 30 1 2 2
3 Nolan Patrick Dryden Hunt Connor Chatam 20 1 2 2
4 Alex Barre-Boulet Alexander Barabanov Linus Sandin 10 1 2 2
5 vs 5 Defense
Defense Defense Time % Phy DF OF
1 Mikhail Sergachev Vince Dunn 40 1 2 2
2 Steven Santini Derrick Pouliot 30 1 2 2
3 Colton White Ryan Culkin 20 1 2 2
4 Mikhail Sergachev Vince Dunn 10 1 2 2
PowerPlay Forward
Center Left Wing Right Wing Time % Phy DF OF
1 Seth Griffith David Pope Sebastian Collberg 60 1 2 2
2 Casey Mittelstadt Samuel Blais Owen Tippet 40 1 2 2
PowerPlay Defense
Defense Defense Time % Phy DF OF
1 Mikhail Sergachev Vince Dunn 60 1 2 2
2 Ryan Culkin Derrick Pouliot 40 1 2 2
Penalty Kill 4 Players Forward
Center Wing Time % Phy DF OF
1 Seth Griffith David Pope 60 1 2 2
2 Casey Mittelstadt Samuel Blais 40 1 2 2
Penalty Kill 4 Players Defense
Defense Defense Time % Phy DF OF
1 Steven Santini Colton White 60 1 2 2
2 Ryan Culkin Derrick Pouliot 40 1 2 2
Penalty Kill - 3 Players Forward
Forward Time % Phy DF OF
1 Seth Griffith 60 1 2 2
2 Casey Mittelstadt 40 1 2 2
Penalty Kill - 3 Players Defense
Defense Defense Time % Phy DF OF
1 Steven Santini Colton White 60 1 2 2
2 Ryan Culkin Derrick Pouliot 40 1 2 2
4 vs 4 Forward
Center Wing Time % Phy DF OF
1 Seth Griffith David Pope 60 1 2 2
2 Casey Mittelstadt Samuel Blais 40 1 2 2
4 vs 4 Defense
Defense Defense Time % Phy DF OF
1 Mikhail Sergachev Vince Dunn 60 1 2 2
2 Ryan Culkin Derrick Pouliot 40 1 2 2
Last Minutes Offensive
Center Left Wing Right Wing Defense Defense
Seth Griffith David Pope Connor Chatam Mikhail Sergachev Vince Dunn
Last Minutes Defensive
Center Left Wing Right Wing Defense Defense
Seth Griffith David Pope Connor Chatam Mikhail Sergachev Vince Dunn
Goaltenders
Starting : Ivan Fedotov
Backup : Mike Condon
Extra Forwards
Normal : Alexander Barabanov, Casey Mittelstadt, Nolan Patrick - PP : Sebastian Collberg, Casey Mittelstadt - PK : Alexander Barabanov
Extra Defensemen
Normal : Derrick Pouliot, Mikhail Sergachev, Steven Santini - PP : Vince Dunn - PK : Mikhail Sergachev, Steven Santini
Penalty Shots
David Pope, Seth Griffith, Samuel Blais, Sebastian Collberg, Alexander Barabanov
Scratches
Ryan Poehling (Healthy), Mason Shaw (Healthy), Jacob Middleton (Healthy), Jake Marchment (Healthy), Joel Kiviranta (Healthy)
Dylan Samberg (Healthy), Joshua Jacobs (Healthy), Cale Fleury (Healthy), Mikhail Vorobyev (Healthy), Will Borgen (Healthy)
Andrew Peeke (Healthy), Dante Fabbro (Healthy), Jeffrey Viel (Healthy), Yegor Korshkov (Healthy), Alexander Volkov (Healthy)
Harru Sateri (Healthy), Jake Paterson (Healthy)
Admirals
5 vs 5 Forward
Center Left Wing Right Wing Time % Phy DF OF
1 Anton Gustafsson Markus Granlund Mark McNeill 40 1 2 2
2 Lucas Wallmark Hunter Shinkaruk Joel Armia 30 1 2 2
3 Freddie Hamilton Nolan Vesey Brett Connolly 20 1 2 2
4 Josh Norris Kristian Vesalainen Riley Barber 10 1 2 2
5 vs 5 Defense
Defense Defense Time % Phy DF OF
1 T.J Brodie Andreas Englund 40 1 2 2
2 Travis Dermott Carl Dahlstrom 30 1 2 2
3 Olli Juolevi Reilly Walsh 20 1 2 2
4 Ian Mitchell T.J Brodie 10 1 2 2
PowerPlay Forward
Center Left Wing Right Wing Time % Phy DF OF
1 Anton Gustafsson Markus Granlund Mark McNeill 60 1 2 2
2 Lucas Wallmark Hunter Shinkaruk Joel Armia 40 1 2 2
PowerPlay Defense
Defense Defense Time % Phy DF OF
1 T.J Brodie Andreas Englund 60 1 2 2
2 Travis Dermott Carl Dahlstrom 40 1 2 2
Penalty Kill 4 Players Forward
Center Wing Time % Phy DF OF
1 Markus Granlund Anton Gustafsson 60 1 2 2
2 Mark McNeill Joel Armia 40 1 2 2
Penalty Kill 4 Players Defense
Defense Defense Time % Phy DF OF
1 T.J Brodie Andreas Englund 60 1 2 2
2 Travis Dermott Carl Dahlstrom 40 1 2 2
Penalty Kill - 3 Players Forward
Forward Time % Phy DF OF
1 Markus Granlund 60 1 2 2
2 Anton Gustafsson 40 1 2 2
Penalty Kill - 3 Players Defense
Defense Defense Time % Phy DF OF
1 T.J Brodie Andreas Englund 60 1 2 2
2 Travis Dermott Carl Dahlstrom 40 1 2 2
4 vs 4 Forward
Center Wing Time % Phy DF OF
1 Markus Granlund Anton Gustafsson 60 1 2 2
2 Mark McNeill Joel Armia 40 1 2 2
4 vs 4 Defense
Defense Defense Time % Phy DF OF
1 T.J Brodie Andreas Englund 60 1 2 2
2 Travis Dermott Carl Dahlstrom 40 1 2 2
Last Minutes Offensive
Center Left Wing Right Wing Defense Defense
Anton Gustafsson Markus Granlund Mark McNeill T.J Brodie Andreas Englund
Last Minutes Defensive
Center Left Wing Right Wing Defense Defense
Anton Gustafsson Markus Granlund Mark McNeill T.J Brodie Andreas Englund
Goaltenders
Starting : Tristan Jarry
Backup : Felix Sanstrom
Extra Forwards
Normal : Brett Connolly, Riley Barber, Freddie Hamilton - PP : Brett Connolly, Riley Barber - PK : Freddie Hamilton
Extra Defensemen
Normal : Olli Juolevi, Reilly Walsh, Ian Mitchell - PP : Olli Juolevi - PK : Reilly Walsh, Ian Mitchell
Penalty Shots
Markus Granlund, Anton Gustafsson, Mark McNeill, Joel Armia, Lucas Wallmark
Scratches
Alexandre Mallet (Healthy), Christian Djoos (Healthy), Joni Ikonen (Healthy), Filip Chlapik (Healthy), Josh Wesley (Healthy)
Mark MacMillan (Healthy), Mattias Backman (Sports Hernia Injury), Ryan Olsen (Healthy), Sergei Zborovskiy (Healthy), Stanislav Galiev (Healthy)
Troy Bourke (Healthy), Kasper Bjorkqvist (Left Leg Injury), Carsen Twarynski (Healthy), Libor Hajek (Healthy), Linus Ullmark (Healthy)
% Time on Ice - Wolfpack
Lines # - Real PCT - Wanted PCT - Time Play
Normal Forward
1 - 36% - 40% - 17:18
2 - 30% - 30% - 14:42
3 - 17% - 20% - 8:28
4 - 17% - 10% - 8:15
Normal Defense
1 - 40% - 40% - 19:34
2 - 32% - 30% - 15:44
3 - 22% - 20% - 10:55
4 - 5% - 10% - 2:30
PP Forward
1 - 49% - 60% - 1:06
2 - 51% - 40% - 1:08
PP Defense
1 - 62% - 60% - 1:23
2 - 38% - 40% - 0:51
PK Forward
1 - 71% - 60% - 5:51
2 - 29% - 40% - 2:25
PK Defense
1 - 63% - 60% - 5:13
2 - 37% - 40% - 3:03
PK3 Forward
1 - 0% - 60%
2 - 0% - 40%
PK3 Defense
1 - 0% - 60%
2 - 0% - 40%
44 Forward
1 - 0% - 60%
2 - 0% - 40%
44 Defense
1 - 0% - 60%
2 - 0% - 40%
Last Minute Offensive - 0:00
Last Minute Defensive - 0:47
Total
Forward - 60:00
Defense - 60:00
|
% Time on Ice - Admirals
Lines # - Real PCT - Wanted PCT - Time Play
Normal Forward
1 - 36% - 40% - 17:39
2 - 28% - 30% - 13:35
3 - 19% - 20% - 9:23
4 - 16% - 10% - 7:55
Normal Defense
1 - 38% - 40% - 18:28
2 - 33% - 30% - 15:56
3 - 24% - 20% - 11:25
4 - 6% - 10% - 2:43
PP Forward
1 - 54% - 60% - 4:30
2 - 46% - 40% - 3:46
PP Defense
1 - 60% - 60% - 4:59
2 - 40% - 40% - 3:17
PK Forward
1 - 72% - 60% - 1:37
2 - 28% - 40% - 0:37
PK Defense
1 - 57% - 60% - 1:17
2 - 43% - 40% - 0:57
PK3 Forward
1 - 0% - 60%
2 - 0% - 40%
PK3 Defense
1 - 0% - 60%
2 - 0% - 40%
44 Forward
1 - 0% - 60%
2 - 0% - 40%
44 Defense
1 - 0% - 60%
2 - 0% - 40%
Last Minute Offensive - 0:58
Last Minute Defensive - 0:00
Total
Forward - 60:00
Defense - 60:00
|
Play-by-Play
1st period
0:01 of 1st period - Anton Gustafsson wins face-off versus Seth Griffith in neutral zone.
0:55 of 1st period - Slapshot by Derrick Pouliot.
0:55 of 1st period - Shot Misses the Net.
0:57 of 1st period - Slapshot by Steven Santini.
0:57 of 1st period - Deflect By Alexander Barabanov.
0:57 of 1st period - Stopped by Tristan Jarry without a rebound.
0:58 of 1st period - Freddie Hamilton wins face-off versus Alex Barre-Boulet in Admirals zone.
1:09 of 1st period - Wrist shot by Nolan Vesey.
1:09 of 1st period - Shot Misses the Net.
1:58 of 1st period - Minor Penalty to David Pope for Goalie Interference.
1:59 of 1st period - Seth Griffith wins face-off versus Anton Gustafsson in Wolfpack zone.
3:58 of 1st period - Penalty to David Pope is over, David Pope is back on ice.
5:06 of 1st period - Slapshot by Vince Dunn.
5:06 of 1st period - Deflect By Samuel Blais.
5:06 of 1st period - Shot Misses the Net.
5:06 of 1st period - Puck is out of play.
5:07 of 1st period - Casey Mittelstadt wins face-off versus Josh Norris in Admirals zone.
5:10 of 1st period - Snap shot by Samuel Blais.
5:10 of 1st period - Goal by Samuel Blais - Wolfpack : 1 - Admirals : 0.
5:11 of 1st period - Mark McNeill wins face-off versus Seth Griffith in neutral zone.
6:23 of 1st period - Reilly Walsh is hit by David Pope and loses puck.
6:44 of 1st period - Slapshot by Alexander Barabanov.
6:44 of 1st period - Stopped by Tristan Jarry with a rebound.
6:46 of 1st period - Wrist shot by Linus Sandin.
6:46 of 1st period - Shot Misses the Net.
7:08 of 1st period - Snap shot by Hunter Shinkaruk.
7:08 of 1st period - Shot Blocked by Connor Chatam.
7:14 of 1st period - Minor Penalty to Nolan Patrick for Roughing.
7:15 of 1st period - Seth Griffith wins face-off versus Anton Gustafsson in Wolfpack zone.
7:28 of 1st period - Backhand shot by Seth Griffith.
7:28 of 1st period - Shot Misses the Net.
7:47 of 1st period - Casey Mittelstadt is hit by Hunter Shinkaruk and loses puck.
7:52 of 1st period - Snap shot by Joel Armia.
7:52 of 1st period - Stopped by Ivan Fedotov with a rebound.
8:05 of 1st period - Icing by Anton Gustafsson.
8:06 of 1st period - Seth Griffith wins face-off versus Markus Granlund in Admirals zone.
8:22 of 1st period - Off-side.
8:23 of 1st period - Lucas Wallmark wins face-off versus Samuel Blais in neutral zone.
8:34 of 1st period - Snap shot by Hunter Shinkaruk.
8:34 of 1st period - Shot Misses the Net.
8:36 of 1st period - Wrist shot by Lucas Wallmark.
8:36 of 1st period - Shot Misses the Net.
8:38 of 1st period - Wrist shot by Hunter Shinkaruk.
8:38 of 1st period - Shot Misses the Net.
8:56 of 1st period - Snap shot by Markus Granlund.
8:56 of 1st period - Goal by Markus Granlund - Wolfpack : 1 - Admirals : 1.
8:57 of 1st period - Seth Griffith wins face-off versus Anton Gustafsson in neutral zone.
9:06 of 1st period - Slapshot by David Pope.
9:06 of 1st period - Stopped by Tristan Jarry with a rebound.
9:08 of 1st period - Slapshot by Seth Griffith.
9:08 of 1st period - Shot Misses the Net.
9:10 of 1st period - Slapshot by Vince Dunn.
9:10 of 1st period - Goal by Vince Dunn - Wolfpack : 2 - Admirals : 1.
9:11 of 1st period - Seth Griffith wins face-off versus Anton Gustafsson in neutral zone.
10:28 of 1st period - Snap shot by Ryan Culkin.
10:28 of 1st period - Shot Blocked by Carl Dahlstrom.
10:43 of 1st period - David Pope is hit by Anton Gustafsson.
11:03 of 1st period - Off-side.
11:04 of 1st period - Lucas Wallmark wins face-off versus Seth Griffith in neutral zone.
11:11 of 1st period - Snap shot by Lucas Wallmark.
11:11 of 1st period - Stopped by Ivan Fedotov without a rebound.
11:12 of 1st period - Seth Griffith wins face-off versus Anton Gustafsson in Wolfpack zone.
11:16 of 1st period - Off-side.
11:17 of 1st period - Anton Gustafsson wins face-off versus Seth Griffith in neutral zone.
12:56 of 1st period - Snap shot by Seth Griffith.
12:56 of 1st period - Stopped by Tristan Jarry without a rebound.
12:57 of 1st period - Seth Griffith wins face-off versus Anton Gustafsson in Admirals zone.
12:58 of 1st period - Snap shot by Sebastian Collberg.
12:58 of 1st period - Stopped by Tristan Jarry without a rebound.
12:59 of 1st period - Seth Griffith wins face-off versus Anton Gustafsson in Admirals zone.
13:25 of 1st period - Samuel Blais is hit by Joel Armia.
13:45 of 1st period - Snap shot by Joel Armia.
13:45 of 1st period - Stopped by Ivan Fedotov with a rebound.
13:50 of 1st period - Off-side.
13:51 of 1st period - Seth Griffith wins face-off versus Freddie Hamilton in neutral zone.
14:04 of 1st period - Snap shot by David Pope.
14:04 of 1st period - Stopped by Tristan Jarry with a rebound.
14:18 of 1st period - Freddie Hamilton is hit by Casey Mittelstadt and loses puck.
14:33 of 1st period - Mark McNeill is hit by Nolan Patrick and loses puck.
16:05 of 1st period - Snap shot by Hunter Shinkaruk.
16:05 of 1st period - Stopped by Ivan Fedotov with a rebound.
16:10 of 1st period - Off-side.
16:11 of 1st period - Freddie Hamilton wins face-off versus Sebastian Collberg in neutral zone.
16:22 of 1st period - Sebastian Collberg is hit by Brett Connolly and loses puck.
16:37 of 1st period - Markus Granlund is hit by Colton White and loses puck.
17:00 of 1st period - Slapshot by T.J Brodie.
17:00 of 1st period - Deflect By Hunter Shinkaruk.
17:00 of 1st period - Shot Misses the Net.
17:00 of 1st period - Puck is out of play.
17:01 of 1st period - Lucas Wallmark wins face-off versus Seth Griffith in Wolfpack zone.
17:28 of 1st period - Owen Tippet is hit by Markus Granlund and loses puck.
17:51 of 1st period - Slapshot by T.J Brodie.
17:51 of 1st period - Deflect By Brett Connolly.
17:51 of 1st period - Stopped by Ivan Fedotov with a rebound.
18:21 of 1st period - Snap shot by Nolan Patrick.
18:21 of 1st period - Stopped by Tristan Jarry without a rebound.
18:22 of 1st period - Seth Griffith wins face-off versus Anton Gustafsson in Admirals zone.
18:27 of 1st period - Snap shot by David Pope.
18:27 of 1st period - Stopped by Tristan Jarry with a rebound.
19:33 of 1st period - Snap shot by T.J Brodie.
19:33 of 1st period - Deflect By Derrick Pouliot.
19:33 of 1st period - Stopped by Ivan Fedotov with a rebound.
19:35 of 1st period - Snap shot by Brett Connolly.
19:35 of 1st period - Stopped by Ivan Fedotov without a rebound.
19:36 of 1st period - Seth Griffith wins face-off versus Anton Gustafsson in Wolfpack zone.
19:53 of 1st period - Anton Gustafsson is hit by David Pope and loses puck.
Goals for this period are 2 for Wolfpack vs 1 for Admirals.
Shots for this period are 10 for Wolfpack vs 8 for Admirals.
2nd period
0:01 of 2nd period - Markus Granlund wins face-off versus Seth Griffith in neutral zone.
0:04 of 2nd period - Wrist shot by Markus Granlund.
0:04 of 2nd period - Shot Misses the Net.
0:06 of 2nd period - Slapshot by T.J Brodie.
0:06 of 2nd period - Stopped by Ivan Fedotov with a rebound.
0:08 of 2nd period - Snap shot by Mark McNeill.
0:08 of 2nd period - Deflect By Markus Granlund.
0:08 of 2nd period - Stopped by Ivan Fedotov with a rebound.
0:10 of 2nd period - Slapshot by Andreas Englund.
0:10 of 2nd period - Deflect By Mikhail Sergachev.
0:10 of 2nd period - Stopped by Ivan Fedotov without a rebound.
0:11 of 2nd period - Anton Gustafsson wins face-off versus Seth Griffith in Wolfpack zone.
0:12 of 2nd period - Snap shot by Mark McNeill.
0:12 of 2nd period - Stopped by Ivan Fedotov with a rebound.
0:36 of 2nd period - Mikhail Sergachev is hit by Hunter Shinkaruk and loses puck.
0:41 of 2nd period - Slapshot by Lucas Wallmark.
0:41 of 2nd period - Stopped by Ivan Fedotov with a rebound.
0:43 of 2nd period - Slapshot by Travis Dermott.
0:43 of 2nd period - Deflect By Hunter Shinkaruk.
0:43 of 2nd period - Shot Misses the Net.
0:43 of 2nd period - Puck is out of play.
0:44 of 2nd period - Seth Griffith wins face-off versus Joel Armia in Wolfpack zone.
0:49 of 2nd period - Slapshot by Seth Griffith.
0:49 of 2nd period - Deflect By David Pope.
0:49 of 2nd period - Stopped by Tristan Jarry without a rebound.
0:50 of 2nd period - Seth Griffith wins face-off versus Lucas Wallmark in Admirals zone.
1:15 of 2nd period - Samuel Blais is hit by Mark McNeill and loses puck.
1:38 of 2nd period - Slapshot by Connor Chatam.
1:38 of 2nd period - Stopped by Tristan Jarry with a rebound.
1:40 of 2nd period - Snap shot by Vince Dunn.
1:40 of 2nd period - Shot Hit the Post.
1:42 of 2nd period - Wrist shot by Connor Chatam.
1:42 of 2nd period - Stopped by Tristan Jarry without a rebound.
1:43 of 2nd period - Freddie Hamilton wins face-off versus Seth Griffith in Admirals zone.
1:48 of 2nd period - Snap shot by Seth Griffith.
1:48 of 2nd period - Shot Misses the Net.
1:50 of 2nd period - Wrist shot by Seth Griffith.
1:50 of 2nd period - Shot Blocked by T.J Brodie.
1:52 of 2nd period - Slapshot by Vince Dunn.
1:52 of 2nd period - Shot Misses the Net.
2:14 of 2nd period - Snap shot by Connor Chatam.
2:14 of 2nd period - Goal by Connor Chatam - Wolfpack : 3 - Admirals : 1.
2:15 of 2nd period - Seth Griffith wins face-off versus Anton Gustafsson in neutral zone.
2:40 of 2nd period - Samuel Blais is hit by Joel Armia and loses puck.
2:46 of 2nd period - Off-side.
2:47 of 2nd period - Anton Gustafsson wins face-off versus Casey Mittelstadt in neutral zone.
2:50 of 2nd period - Wrist shot by Mark McNeill.
2:50 of 2nd period - Stopped by Ivan Fedotov with a rebound.
2:52 of 2nd period - Wrist shot by Anton Gustafsson.
2:52 of 2nd period - Goal by Anton Gustafsson - Wolfpack : 3 - Admirals : 2.
2:53 of 2nd period - Seth Griffith wins face-off versus Anton Gustafsson in neutral zone.
3:04 of 2nd period - Wrist shot by Seth Griffith.
3:04 of 2nd period - Shot Misses the Net.
3:23 of 2nd period - Off-side.
3:24 of 2nd period - Lucas Wallmark wins face-off versus Casey Mittelstadt in neutral zone.
3:35 of 2nd period - Snap shot by Hunter Shinkaruk.
3:35 of 2nd period - Deflect By Joel Armia.
3:35 of 2nd period - Shot Blocked by Casey Mittelstadt.
3:35 of 2nd period - Puck is out of play.
3:36 of 2nd period - Seth Griffith wins face-off versus Anton Gustafsson in Wolfpack zone.
3:52 of 2nd period - Slapshot by Mikhail Sergachev.
3:52 of 2nd period - Stopped by Tristan Jarry with a rebound.
4:10 of 2nd period - Wrist shot by Samuel Blais.
4:10 of 2nd period - Shot Blocked by Andreas Englund.
4:34 of 2nd period - Wrist shot by Brett Connolly.
4:34 of 2nd period - Shot Blocked by Nolan Patrick.
4:36 of 2nd period - Wrist shot by Freddie Hamilton.
4:36 of 2nd period - Stopped by Ivan Fedotov with a rebound.
5:07 of 2nd period - Off-side.
5:08 of 2nd period - Anton Gustafsson wins face-off versus Seth Griffith in neutral zone.
5:11 of 2nd period - Slapshot by Travis Dermott.
5:11 of 2nd period - Deflect By Mark McNeill.
5:11 of 2nd period - Stopped by Ivan Fedotov without a rebound.
5:12 of 2nd period - Seth Griffith wins face-off versus Anton Gustafsson in Wolfpack zone.
5:43 of 2nd period - Wrist shot by Hunter Shinkaruk.
5:43 of 2nd period - Stopped by Ivan Fedotov without a rebound.
5:44 of 2nd period - Owen Tippet wins face-off versus Anton Gustafsson in Wolfpack zone.
6:11 of 2nd period - Lucas Wallmark is hit by Sebastian Collberg and loses puck.
6:55 of 2nd period - Off-side.
6:56 of 2nd period - Anton Gustafsson wins face-off versus Alex Barre-Boulet in neutral zone.
7:18 of 2nd period - Icing by Anton Gustafsson.
7:19 of 2nd period - Anton Gustafsson wins face-off versus Seth Griffith in Admirals zone.
7:23 of 2nd period - Icing by Mark McNeill.
7:24 of 2nd period - Seth Griffith wins face-off versus Anton Gustafsson in Admirals zone.
7:25 of 2nd period - Snap shot by David Pope.
7:25 of 2nd period - Stopped by Tristan Jarry with a rebound.
7:27 of 2nd period - Backhand shot by Ryan Culkin.
7:27 of 2nd period - Stopped by Tristan Jarry with a rebound.
7:29 of 2nd period - Wrist shot by Sebastian Collberg.
7:29 of 2nd period - Stopped by Tristan Jarry with a rebound.
7:31 of 2nd period - Wrist shot by David Pope.
7:31 of 2nd period - Deflect By Seth Griffith.
7:31 of 2nd period - Stopped by Tristan Jarry with a rebound.
7:33 of 2nd period - Snap shot by David Pope.
7:33 of 2nd period - Shot Misses the Net.
7:35 of 2nd period - Snap shot by Sebastian Collberg.
7:35 of 2nd period - Stopped by Tristan Jarry with a rebound.
7:37 of 2nd period - Snap shot by Colton White.
7:37 of 2nd period - Deflect By Anton Gustafsson.
7:37 of 2nd period - Stopped by Tristan Jarry with a rebound.
7:54 of 2nd period - Slapshot by Travis Dermott.
7:54 of 2nd period - Deflect By Lucas Wallmark.
7:54 of 2nd period - Stopped by Ivan Fedotov with a rebound.
7:56 of 2nd period - Snap shot by Joel Armia.
7:56 of 2nd period - Deflect By Hunter Shinkaruk.
7:56 of 2nd period - Shot Misses the Net.
7:56 of 2nd period - Puck is out of play.
7:57 of 2nd period - Lucas Wallmark wins face-off versus Casey Mittelstadt in Wolfpack zone.
8:29 of 2nd period - Off-side.
8:30 of 2nd period - Anton Gustafsson wins face-off versus Seth Griffith in neutral zone.
8:44 of 2nd period - Minor Penalty to Olli Juolevi for Hooking.
8:45 of 2nd period - Seth Griffith wins face-off versus Markus Granlund in Admirals zone.
9:12 of 2nd period - Andreas Englund is hit by Samuel Blais and loses puck.
9:34 of 2nd period - Mikhail Sergachev is hit by Joel Armia and loses puck.
10:44 of 2nd period - Penalty to Olli Juolevi is over, Olli Juolevi is back on ice.
10:47 of 2nd period - Freddie Hamilton is hit by Vince Dunn and loses puck.
11:14 of 2nd period - Snap shot by Freddie Hamilton.
11:14 of 2nd period - Shot Blocked by Vince Dunn.
11:22 of 2nd period - Olli Juolevi is hit by Alexander Barabanov and loses puck.
11:27 of 2nd period - Slapshot by Mikhail Sergachev.
11:27 of 2nd period - Stopped by Tristan Jarry with a rebound.
11:29 of 2nd period - Wrist shot by Vince Dunn.
11:29 of 2nd period - Stopped by Tristan Jarry with a rebound.
11:31 of 2nd period - Slapshot by Vince Dunn.
11:31 of 2nd period - Shot Misses the Net.
11:35 of 2nd period - Wrist shot by Alexander Barabanov.
11:35 of 2nd period - Stopped by Tristan Jarry with a rebound.
11:37 of 2nd period - Slapshot by Mikhail Sergachev.
11:37 of 2nd period - Stopped by Tristan Jarry without a rebound.
11:38 of 2nd period - Nolan Patrick wins face-off versus Lucas Wallmark in Admirals zone.
11:49 of 2nd period - Snap shot by Connor Chatam.
11:49 of 2nd period - Shot Blocked by Lucas Wallmark.
11:51 of 2nd period - Snap shot by Nolan Patrick.
11:51 of 2nd period - Shot Misses the Net.
12:03 of 2nd period - Derrick Pouliot is hit by Riley Barber and loses puck.
12:08 of 2nd period - Snap shot by T.J Brodie.
12:08 of 2nd period - Stopped by Ivan Fedotov with a rebound.
12:10 of 2nd period - Slapshot by Kristian Vesalainen.
12:10 of 2nd period - Shot Blocked by Casey Mittelstadt.
12:12 of 2nd period - Slapshot by T.J Brodie.
12:12 of 2nd period - Stopped by Ivan Fedotov with a rebound.
12:14 of 2nd period - Snap shot by Riley Barber.
12:14 of 2nd period - Shot Misses the Net.
12:28 of 2nd period - Slapshot by T.J Brodie.
12:28 of 2nd period - Shot Blocked by Steven Santini.
12:30 of 2nd period - Snap shot by Mark McNeill.
12:30 of 2nd period - Stopped by Ivan Fedotov with a rebound.
12:32 of 2nd period - Snap shot by Hunter Shinkaruk.
12:32 of 2nd period - Shot Misses the Net.
13:31 of 2nd period - Colton White is hit by Riley Barber and loses puck.
13:38 of 2nd period - Colton White is hit by Kristian Vesalainen and loses puck.
13:48 of 2nd period - Icing by Carl Dahlstrom.
13:49 of 2nd period - Kristian Vesalainen wins face-off versus Seth Griffith in Admirals zone.
13:54 of 2nd period - Sebastian Collberg is hit by Travis Dermott and loses puck.
13:59 of 2nd period - Wrist shot by Riley Barber.
13:59 of 2nd period - Deflect By Josh Norris.
13:59 of 2nd period - Stopped by Ivan Fedotov without a rebound.
14:00 of 2nd period - Lucas Wallmark wins face-off versus Seth Griffith in Wolfpack zone.
15:41 of 2nd period - Icing by Vince Dunn.
15:42 of 2nd period - Casey Mittelstadt wins face-off versus Anton Gustafsson in Wolfpack zone.
15:51 of 2nd period - Slapshot by Travis Dermott.
15:51 of 2nd period - Shot Blocked by Mikhail Sergachev.
15:53 of 2nd period - Snap shot by Mark McNeill.
15:53 of 2nd period - Stopped by Ivan Fedotov without a rebound.
15:54 of 2nd period - Seth Griffith wins face-off versus Lucas Wallmark in Wolfpack zone.
16:08 of 2nd period - Off-side.
16:09 of 2nd period - Anton Gustafsson wins face-off versus Casey Mittelstadt in neutral zone.
17:16 of 2nd period - Reilly Walsh is hit by Ryan Culkin and loses puck.
17:45 of 2nd period - Snap shot by Anton Gustafsson.
17:45 of 2nd period - Stopped by Ivan Fedotov with a rebound.
18:08 of 2nd period - Minor Penalty to Steven Santini for Hooking.
18:09 of 2nd period - Mark McNeill wins face-off versus Seth Griffith in Wolfpack zone.
18:51 of 2nd period - Casey Mittelstadt is hit by Lucas Wallmark and loses puck.
19:04 of 2nd period - Snap shot by Andreas Englund.
19:04 of 2nd period - Deflect By Joel Armia.
19:04 of 2nd period - Shot Blocked by Dryden Hunt.
19:04 of 2nd period - Puck is out of play.
19:05 of 2nd period - Anton Gustafsson wins face-off versus Alexander Barabanov in Wolfpack zone.
Goals for this period are 1 for Wolfpack vs 1 for Admirals.
Shots for this period are 15 for Wolfpack vs 17 for Admirals.
3rd period
0:01 of 3rd period - Markus Granlund wins face-off versus Seth Griffith in neutral zone.
0:08 of 3rd period - Penalty to Steven Santini is over, Steven Santini is back on ice.
0:43 of 3rd period - Travis Dermott is hit by Casey Mittelstadt and loses puck.
1:01 of 3rd period - Minor Penalty to Kristian Vesalainen for Slashing.
1:02 of 3rd period - Markus Granlund wins face-off versus Casey Mittelstadt in Admirals zone.
1:11 of 3rd period - Anton Gustafsson is hit by Samuel Blais and loses puck.
1:16 of 3rd period - Wrist shot by Samuel Blais.
1:16 of 3rd period - Deflect By Casey Mittelstadt.
1:16 of 3rd period - Goal by Casey Mittelstadt - Wolfpack : 4 - Admirals : 2.
1:17 of 3rd period - Anton Gustafsson wins face-off versus Seth Griffith in neutral zone.
1:20 of 3rd period - Snap shot by Markus Granlund.
1:20 of 3rd period - Stopped by Ivan Fedotov without a rebound.
1:21 of 3rd period - Mark McNeill wins face-off versus Sebastian Collberg in Wolfpack zone.
1:30 of 3rd period - Slapshot by Vince Dunn.
1:30 of 3rd period - Stopped by Tristan Jarry without a rebound.
1:31 of 3rd period - Seth Griffith wins face-off versus Anton Gustafsson in Admirals zone.
4:09 of 3rd period - Snap shot by Connor Chatam.
4:09 of 3rd period - Stopped by Tristan Jarry with a rebound.
4:11 of 3rd period - Snap shot by Dryden Hunt.
4:11 of 3rd period - Deflect By Connor Chatam.
4:11 of 3rd period - Shot Misses the Net.
4:11 of 3rd period - Puck is out of play.
4:12 of 3rd period - Seth Griffith wins face-off versus Anton Gustafsson in Admirals zone.
4:37 of 3rd period - Mikhail Sergachev is hit by Hunter Shinkaruk and loses puck.
5:19 of 3rd period - Slapshot by T.J Brodie.
5:19 of 3rd period - Stopped by Ivan Fedotov without a rebound.
5:20 of 3rd period - Casey Mittelstadt wins face-off versus Josh Norris in Wolfpack zone.
5:20 of 3rd period - Casey Mittelstadt is hit by Reilly Walsh.
5:28 of 3rd period - Slapshot by Riley Barber.
5:28 of 3rd period - Stopped by Ivan Fedotov with a rebound.
5:57 of 3rd period - Wrist shot by David Pope.
5:57 of 3rd period - Shot Blocked by Andreas Englund.
5:59 of 3rd period - Slapshot by Vince Dunn.
5:59 of 3rd period - Shot Misses the Net.
6:01 of 3rd period - Slapshot by Mikhail Sergachev.
6:01 of 3rd period - Stopped by Tristan Jarry without a rebound.
6:02 of 3rd period - Lucas Wallmark wins face-off versus Nolan Patrick in Admirals zone.
6:29 of 3rd period - Icing by David Pope.
6:30 of 3rd period - Anton Gustafsson wins face-off versus Seth Griffith in Wolfpack zone.
6:51 of 3rd period - Wrist shot by Sebastian Collberg.
6:51 of 3rd period - Stopped by Tristan Jarry without a rebound.
6:52 of 3rd period - Casey Mittelstadt wins face-off versus Lucas Wallmark in Admirals zone.
6:55 of 3rd period - Snap shot by Samuel Blais.
6:55 of 3rd period - Shot Blocked by Joel Armia.
6:57 of 3rd period - Wrist shot by Casey Mittelstadt.
6:57 of 3rd period - Stopped by Tristan Jarry without a rebound.
6:58 of 3rd period - Casey Mittelstadt wins face-off versus Lucas Wallmark in Admirals zone.
7:09 of 3rd period - Slapshot by Vince Dunn.
7:09 of 3rd period - Stopped by Tristan Jarry with a rebound.
7:11 of 3rd period - Snap shot by Casey Mittelstadt.
7:11 of 3rd period - Deflect By Samuel Blais.
7:11 of 3rd period - Shot Blocked by Andreas Englund.
7:11 of 3rd period - Puck is out of play.
7:12 of 3rd period - Anton Gustafsson wins face-off versus Seth Griffith in Admirals zone.
7:38 of 3rd period - Joel Armia is hit by Mikhail Sergachev.
8:02 of 3rd period - Dryden Hunt is hit by Freddie Hamilton and loses puck.
8:59 of 3rd period - Off-side.
9:00 of 3rd period - Lucas Wallmark wins face-off versus Casey Mittelstadt in neutral zone.
9:07 of 3rd period - Snap shot by Joel Armia.
9:07 of 3rd period - Stopped by Ivan Fedotov without a rebound.
9:08 of 3rd period - Anton Gustafsson wins face-off versus Seth Griffith in Wolfpack zone.
9:23 of 3rd period - Snap shot by Anton Gustafsson.
9:23 of 3rd period - Shot Misses the Net.
9:29 of 3rd period - Minor Penalty to Mikhail Sergachev for Tripping.
9:30 of 3rd period - Seth Griffith wins face-off versus Anton Gustafsson in Wolfpack zone.
9:30 of 3rd period - Seth Griffith is hit by T.J Brodie.
10:06 of 3rd period - Snap shot by Hunter Shinkaruk.
10:06 of 3rd period - Deflect By Lucas Wallmark.
10:06 of 3rd period - Goal by Lucas Wallmark - Wolfpack : 4 - Admirals : 3.
10:07 of 3rd period - Anton Gustafsson wins face-off versus Seth Griffith in neutral zone.
10:18 of 3rd period - Wrist shot by Markus Granlund.
10:18 of 3rd period - Shot Misses the Net.
11:17 of 3rd period - Wrist shot by Casey Mittelstadt.
11:17 of 3rd period - Shot Misses the Net.
11:19 of 3rd period - Snap shot by Vince Dunn.
11:19 of 3rd period - Stopped by Tristan Jarry with a rebound.
11:43 of 3rd period - Slapshot by Vince Dunn.
11:43 of 3rd period - Stopped by Tristan Jarry without a rebound.
11:44 of 3rd period - Anton Gustafsson wins face-off versus Seth Griffith in Admirals zone.
11:51 of 3rd period - Snap shot by T.J Brodie.
11:51 of 3rd period - Shot Misses the Net.
12:11 of 3rd period - Dryden Hunt is hit by Hunter Shinkaruk and loses puck.
12:40 of 3rd period - Icing by Linus Sandin.
12:41 of 3rd period - Anton Gustafsson wins face-off versus Alex Barre-Boulet in Wolfpack zone.
13:55 of 3rd period - Reilly Walsh is hit by Steven Santini and loses puck.
14:57 of 3rd period - Freddie Hamilton is hit by Seth Griffith and loses puck.
15:08 of 3rd period - Slapshot by Nolan Vesey.
15:08 of 3rd period - Stopped by Ivan Fedotov without a rebound.
15:09 of 3rd period - Anton Gustafsson wins face-off versus Casey Mittelstadt in Wolfpack zone.
15:10 of 3rd period - Wrist shot by Travis Dermott.
15:10 of 3rd period - Shot Misses the Net.
15:34 of 3rd period - Minor Penalty to Ryan Culkin for Interference.
15:35 of 3rd period - Mark McNeill wins face-off versus Seth Griffith in Wolfpack zone.
17:34 of 3rd period - Penalty to Ryan Culkin is over, Ryan Culkin is back on ice.
17:49 of 3rd period - Wrist shot by Nolan Vesey.
17:49 of 3rd period - Stopped by Ivan Fedotov with a rebound.
18:58 of 3rd period - Admirals, Tristan Jarry is pulled from the net.
19:10 of 3rd period - Wrist shot by Mark McNeill.
19:10 of 3rd period - Shot Misses the Net.
19:32 of 3rd period - Wrist shot by Anton Gustafsson.
19:32 of 3rd period - Shot Misses the Net.
19:40 of 3rd period - Wrist shot by David Pope.
19:40 of 3rd period - Shot Hit the Post.
19:42 of 3rd period - Snap shot by Seth Griffith.
19:42 of 3rd period - Goal by Seth Griffith - Wolfpack : 5 - Admirals : 3.
19:42 of 3rd period - Tristan Jarry from Admirals was sent back in the game.
19:43 of 3rd period - Seth Griffith wins face-off versus Brett Connolly in neutral zone.
Goals for this period are 2 for Wolfpack vs 1 for Admirals.
Shots for this period are 10 for Wolfpack vs 7 for Admirals.